[Event "*** SCC Grand Prix: Titled Tuesday Blitz"]
[Site "Chess.com"]
[Date "2020.07.14"]
[Round "8"]
[White "Gandrade2"]
[Black "Bastiandash"]
[Result "0-1"]
[WhiteElo "2125"]
[BlackElo "2318"]
[TimeControl "180+1"]
[EndTime "11:35:27 PDT"]
[Termination "Bastiandash won on time"]

1. d4 Nf6 2. c4 e6 3. Nc3 Bb4 4. f3 d5 5. a3 Bxc3+ 6. bxc3 O-O 7. cxd5 exd5 8. e3 Bf5 9. g4 Bg6 10. Ne2 h6 11. Kf2 Nbd7 12. Ng3 Re8 13. h4 Qe7 14. Bd3 Bxd3 15. Qxd3 Nb6 16. g5 Nh7 17. gxh6 Qf6 18. hxg7 Re7 19. Nf5 Re6 20. Rg1 Rae8 21.
e4 dxe4 22. Qb5 c6 23. Qc5 Nd7 24. Qa5 b6 25. Qxa7 Qxf5 26. f4 Ndf6 0-1

[Event "*** SCC Grand Prix: Titled Tuesday Blitz"]
[Site "Chess.com"]
[Date "2020.07.14"]
[Round "8"]
[White "Angel_Hranitel_37"]
[Black "velemajstor767276"]
[Result "1-0"]
[WhiteElo "2413"]
[BlackElo "2510"]
[TimeControl "180+1"]
[EndTime "11:35:30 PDT"]
[Termination "Angel_Hranitel_37 won by resignation"]

1. d4 Nf6 2. Nf3 e6 3. c4 Bb4+ 4. Bd2 a5 5. g3 b6 6. Bg2 Bb7 7.
O-O Bxd2 8. Qxd2 d6 9. Nc3 Nbd7 10. Qc1 O-O 11. Qc2 e5 12. dxe5 dxe5 13. Rfd1 Qe8 14. Nxe5 Nxe5 15. Bxb7 Rb8 16. Bg2 Nxc4 17. Nd5 Nxd5 18. Bxd5 b5 19. b3 Nb6 20. Be4 g6 21. Bf3 Qe5 22. Rac1 Rbc8 23. Qc5 Qe8 24. h4 a4 25. h5 axb3 26. axb3 Rb8 27. Qxc7 Qe6 28. Rd6 Qe5 29. Rxg6+ 1-0

[Event "*** SCC Grand Prix: Titled Tuesday Blitz"]
[Site "Chess.com"]
[Date "2020.07.14"]
[Round "8"]
[White "bmt011"]
[Black "barriochess"]
[Result "1-0"]
[WhiteElo "2130"]
[BlackElo "2267"]
[TimeControl "180+1"]
[EndTime "11:35:32 PDT"]
[Termination "bmt011 won by resignation"]

1. d4 d5 2. Bf4 Nf6 3. e3 c5 4.
c3 Qb6 5. Qb3 c4 6. Qxb6 axb6 7.
Nd2 b5 8. Rc1 Rxa2 9. Bxb8 Rxb2 10. f3 Bf5 11. g4 Bg6 12. g5 Nd7 13. Bf4 e6 14. e4 b4 15. Ne2 bxc3 16. Nxc3 Bb4 17.
exd5 O-O 18. Bxc4 exd5 19. Bxd5 Re8+ 20. Kd1 Nb6 21. Nc4 Nxd5 22. Nxd5 Rb3 23. Nxb4 Rxb4 24.
Bd2 Rb3 25. Nd6 Rd8 26. Rc8 Rxc8 27. Nxc8 Rxf3 28. Ne7+ Kf8 29. Nxg6+ hxg6 30. Ke2 Rb3 31. Rc1 Ke7 32. h4 Ke6 33. Be3 b5 34. Rc5 b4 35.
Rb5 Rb2+ 36. Bd2 b3 37. Kd3 Rb1 38. Ke4 Rh1 39. Rxb3 Rxh4+ 40. Bf4 f5+ 41. gxf6 g5 42. fxg7 Rxf4+ 43. Ke3 Kf7 44. Rb7+ Kg8 45. d5 Rf1 46. d6 Rd1 47. d7 1-0

[Event "*** SCC Grand Prix: Titled Tuesday Blitz"]
[Site "Chess.com"]
[Date "2020.07.14"]
[Round "8"]
[White "econpower"]
[Black "Munkhzul_Turmunkh"]
[Result "0-1"]
[WhiteElo "2666"]
[BlackElo "2560"]
[TimeControl "180+1"]
[EndTime "11:35:37 PDT"]
[Termination "Munkhzul_Turmunkh won by checkmate"]

1. c4 e5 2. g3 Nf6 3. Bg2 d5 4. cxd5 Nxd5 5. Nc3 Nb6 6. Nf3 Nc6 7. O-O Be7 8. Rb1 O-O 9. b4 a6 10. a4 Bf5 11. b5 Nd4 12. d3 axb5 13. axb5 f6 14. Nh4 Bg4 15. h3 Na4 16. Nxa4 Bxe2 17. Qd2 Bxf1 18.
Qa2+ Kh8 19. Bxf1 f5 20. Ng2 Nf3+ 21. Kh1 Qd4 22. Qe2 Qxa4 23. Qxf3 Qc2 24. Bg5 Qxb1 25. Bxe7 Qxf1+ 26. Kh2 Rf7 27. Ne3 Qxd3 28. Qxb7 Rg8 29. Bc5 Qe2 30. Nd5 f4 31. g4 f3 32. Kg3 Qf1 33. Be3 Qg2+ 34. Kh4 h6 35. g5 hxg5+ 36.
Bxg5 Qxf2+ 37. Kh5 Qg3 38. h4 g6+ 39. Kh6 Rh7# 0-1

[Event "*** SCC Grand Prix: Titled Tuesday Blitz"]
[Site "Chess.com"]
[Date "2020.07.14"]
[Round "8"]
[White "RusPakhom"]
[Black "benko_008"]
[Result "0-1"]
[WhiteElo "2270"]
[BlackElo "2430"]
[TimeControl "180+1"]
[EndTime "11:35:37 PDT"]
[Termination "benko_008 won by resignation"]

1. e4 c5 2. c3 Nf6 3. e5 Nd5 4. d4 cxd4 5. cxd4 d6 6. Nf3 e6 7.
Bc4 Nc6 8. O-O Be7 9. Qe2 O-O 10. Nc3 Nxc3 11. bxc3 dxe5 12. dxe5 Qa5 13. Bd2 Rd8 14.
Rfd1 Bd7 15. Bd3 Be8 16. Rab1 b6 17. Qe4 g6 18. a4 Qd5 19. Be3 Qxe4 20. Bxe4 Rxd1+ 21. Rxd1 Rd8 22. Rxd8 Bxd8 23. Bc2 Bc7 24. Bd4 Nxd4 25.
cxd4 b5 26. Kf1 bxa4 27. Ke2 Bb5+ 28. Kd2 Ba5+ 29. Kc1 Bc3 30. Kb1 Be2 31. Bxa4 Bxf3 32. gxf3 Bxd4 33. Kc2 Bxe5 34. Kd3 Bxh2 35. Ke4 g5 36. Bc6 Bf4 37. Kd3 h5 38. Ke2 a5 39.
Kf1 Kf8 40. Kg2 Ke7 41. Ba4 Kd6 42. Bc2 0-1

[Event "*** SCC Grand Prix: Titled Tuesday Blitz"]
[Site "Chess.com"]
[Date "2020.07.14"]
[Round "8"]
[White "enzovsky"]
[Black "TheCount"]
[Result "1-0"]
[WhiteElo "2549"]
[BlackElo "2701"]
[TimeControl "180+1"]
[EndTime "11:35:38 PDT"]
[Termination "enzovsky won on time"]

1. e4 c5 2. Nf3 Nc6 3. d4 cxd4 4. Nxd4 Qb6 5. Nb3 Nf6 6. Nc3 e6 7. a3 Qc7 8. f4 d6 9. Qe2 a6 10. Be3 Be7 11. g4 b5 12. O-O-O Bb7 13. g5 Nd7 14. h4 b4 15. axb4 Nxb4 16. h5 a5 17. g6 hxg6 18. Bh3 Rxh5 19. Bxe6 fxe6 20. Rxh5 gxh5 21. Qxh5+ Kd8 22.
Nd4 Qc4 23. b3 Nf6 24. Qh8+ Kd7 25. Qxa8 Qxc3 26. Qxb7+ Ke8 27. e5 Qxe3+ 28. Kb1 dxe5 29. Qc8+ Kf7 30. Qxe6+ Kf8 31. Rh1 Ng8 32. Qf5+ Bf6 33. Ne6+ Ke7 34. Nxg7 Bxg7 35. Qg6 Kf8 36. Rg1 Qxg1+ 37.
Qxg1 exf4 38. Qc5+ Ne7 39. Qxa5 Nbd5 40. c4 Nc3+ 41.
Kc2 Kf7 42. b4 f3 43. Qh5+ Ke6 44. Qxf3 Nf5 45. Qc6+ Ke7 46. Kd3 Nd6 47. b5 1-0

[Event "*** SCC Grand Prix: Titled Tuesday Blitz"]
[Site "Chess.com"]
[Date "2020.07.14"]
[Round "8"]
[White "KNCP_719"]
[Black "coalescenet"]
[Result "1-0"]
[WhiteElo "2511"]
[BlackElo "2337"]
[TimeControl "180+1"]
[EndTime "11:35:38 PDT"]
[Termination "KNCP_719 won by resignation"]

1. d4 d5 2. Nf3 Nf6 3. e3 e6 4. Bd3 c5 5. O-O Nc6 6. c3 Be7 7. dxc5 Bxc5 8. b4 Bd6 9. Nbd2 O-O 10. Bb2 a5 11. a3 b6 12. b5 Na7 13. a4 Bb7 14. c4 Nc8 15. Qe2 Qe7 16. Rfd1 e5 17.
Bc2 e4 18. Nd4 g6 19. Rab1 Be5 20. cxd5 Bxd5 21. Nc4 Bxc4 22. Qxc4 Nd6 23. Qe2 Qb7 24.
Nc6 Bxb2 25. Rxb2 Nf5 26. Bb3 h5 27. Rbd2 Kg7 28. Qc4 Rac8 29. Qc3 Rfe8 30. Rd7 Qa8 31. Rxf7+ Kh6 32. Qxf6 1-0

[Event "*** SCC Grand Prix: Titled Tuesday Blitz"]
[Site "Chess.com"]
[Date "2020.07.14"]
[Round "8"]
[White "AlanZhang"]
[Black "TurboSteen"]
[Result "0-1"]
[WhiteElo "2204"]
[BlackElo "1967"]
[TimeControl "180+1"]
[EndTime "11:35:38 PDT"]
[Termination "TurboSteen won on time"]

1. e4 e6 2. d4 d5 3. Nc3 Bb4 4. e5 Ne7 5. a3 Bxc3+ 6. bxc3 c5 7. Nf3 h6 8. h4 b6 9. g4 Ba6 10. Bd3 Qc7 11. O-O Bxd3 12. Qxd3 Nbc6 13. h5 O-O-O 14. Be3 c4 15. Qe2 f6 16. Bf4 f5 17.
Nh4 Rdf8 18. Bh2 Rhg8 19. f4 g5 20. hxg6 Nxg6 21. Ng2 fxg4 22. Qxg4 Qf7 23. Qh3 Nge7 24. Kh1 Qf5 25. Qxf5 Nxf5 26. Rf3 h5 27. Ne3 Nce7 28. Rg1 Nxe3 29. Rxe3 Nf5 30. Rh3 h4 31. Rf3 Kb7 32. Rxg8 Rxg8 33. Bg1 Ka6 34. Kh2 Ka5 35. Rf1 Ka4 36.
Ra1 Rg3 0-1

[Event "*** SCC Grand Prix: Titled Tuesday Blitz"]
[Site "Chess.com"]
[Date "2020.07.14"]
[Round "8"]
[White "SGchess01"]
[Black "VMikhalevski"]
[Result "0-1"]
[WhiteElo "2628"]
[BlackElo "2794"]
[TimeControl "180+1"]
[EndTime "11:35:41 PDT"]
[Termination "VMikhalevski won by resignation"]

1. Nf3 Nf6 2. g3 g6 3. Bg2 Bg7 4. O-O O-O 5. d4 d5 6. c4 c6 7. b3 a5 8. Nc3 Ne4 9. Bb2 Bf5 10.
Nh4 Nxc3 11. Bxc3 Be6 12. Qd3 Na6 13. e3 dxc4 14. bxc4 Nb4 15. Qe2 c5 16. Rac1 cxd4 17. exd4 Qd7 18. a3 Na6 19. Rfd1 Rac8 20. d5 Bg4 21. f3 Bxc3 22. Rxc3 Bh3 23. Bxh3 Qxh3 24. Qxe7 Rfe8 25. d6 Rxe7 26. dxe7 Re8 27. Rd8 Nc7 28. Rcd3 Qe6 29. R3d7 Kg7 30. Rxc7 Rxe7 31. Rcc8 Qe1+ 32. Kg2 Re2+ 33. Kh3 h5 34. g4 Qf2 35. Nf5+ gxf5 36.
Rg8+ Kf6 37. g5+ Ke5 38. Rge8+ Kf4 0-1

[Event "*** SCC Grand Prix: Titled Tuesday Blitz"]
[Site "Chess.com"]
[Date "2020.07.14"]
[Round "8"]
[White "maciek_92"]
[Black "FMJoseHerrera"]
[Result "0-1"]
[WhiteElo "2612"]
[BlackElo "2497"]
[TimeControl "180+1"]
[EndTime "11:35:41 PDT"]
[Termination "FMJoseHerrera won on time"]

1. d4 Nf6 2. Nc3 c5 3. d5 g6 4. e4 Bg7 5. e5 Ng8 6. f4 Nh6 7. Nf3 O-O 8. Bc4 d6 9. O-O Bg4 10. Qe1 Bxf3 11. Rxf3 Nf5 12. Rh3 Nd7 13. e6 fxe6 14.
Qxe6+ Rf7 15. Bd2 Nd4 16. Qe4 Nf6 17. Qd3 a6 18. a4 b5 19. axb5 axb5 20. Rxa8 Qxa8 21.
Nxb5 Qa1+ 22. Qf1 Qxb2 23. Nxd4 Qxd4+ 24. Be3 Qb2 25. Qc1 Qb4 26. Ba2 Ng4 27. Kh1 Nxe3 28. Rxe3 Qxf4 29. Re1 Qh4 30. g3 Qh3 31. Qe3 Bc3 32.
Rb1 Be5 33. Bc4 Kg7 34. c3 Qg4 35. Bd3 Bxc3 0-1

[Event "*** SCC Grand Prix: Titled Tuesday Blitz"]
[Site "Chess.com"]
[Date "2020.07.14"]
[Round "8"]
[White "ChessBitl"]
[Black "MergenKakabaev"]
[Result "0-1"]
[WhiteElo "2301"]
[BlackElo "2431"]
[TimeControl "180+1"]
[EndTime "11:35:41 PDT"]
[Termination "MergenKakabaev won by resignation"]

1. e4 e6 2. d4 d5 3. Nd2 dxe4 4. Nxe4 Nd7 5. Bd3 Ngf6 6. Qe2 b6 7. Nf3 Bb7 8. O-O Be7 9. b3 O-O 10. Bb2 Nxe4 11. Bxe4 Bxe4 12. Qxe4 c5 13. Rad1 Qc7 14. c4 Bf6 15. Rfe1 Rad8 16. Qe2 cxd4 17. Nxd4 a6 18. Rd2 Nc5 19. Red1 Rd7 20. Ba3 Rfd8 21. Bxc5 Qxc5 22. Nf3 Rxd2 23. Rxd2 Rxd2 24. Nxd2 Qd4 25. g3 Qa1+ 26. Nf1 g6 27. Kg2 Bd4 28. Ne3 Bxe3 29.
fxe3 Qc3 30. e4 e5 31. Kf2 Kg7 32. Qe3 Qb2+ 33. Qe2 Qa1 34. Qd2 a5 35. Ke3 Qg1+ 36. Kd3 Qd4+ 37. Kc2 Qxe4+ 38. Qd3 Qxd3+ 39. Kxd3 f5 40. a3 Kf6 41. b4 axb4 42. axb4 Ke6 43. Ke3 Kd6 44. Kd3 e4+ 45. Kd4 Ke6 46. Ke3 Ke5 47. h3 g5 48. h4 f4+ 49. Kf2 h6 50. h5 Kd4 51. gxf4 gxf4 52. c5 bxc5 53. b5 Kd5 54. b6 Kc6 55. Kg2 Kxb6 56. Kh3 e3 57.
Kg4 e2 58. Kf5 e1=Q 59. Kg6 Qe6+ 60. Kg7 f3 0-1

[Event "*** SCC Grand Prix: Titled Tuesday Blitz"]
[Site "Chess.com"]
[Date "2020.07.14"]
[Round "8"]
[White "IAgrest"]
[Black "Ave_Mariia"]
[Result "0-1"]
[WhiteElo "2226"]
[BlackElo "2379"]
[TimeControl "180+1"]
[EndTime "11:35:41 PDT"]
[Termination "Ave_Mariia won on time"]

1. e4 c5 2. Nf3 d6 3. d4 cxd4 4. Nxd4 Nf6 5. Nc3 g6 6. Be3 Bg7 7. f3 O-O 8. Qd2 Nc6 9. Bc4 Bd7 10. Bb3 Rc8 11. O-O-O Nxd4 12. Bxd4 b5 13. Kb1 a5 14. a3 b4 15. axb4 axb4 16. Nd5 Nxd5 17. Bxg7 Kxg7 18.
exd5 Qa5 19. Rhe1 Ra8 20. Qd4+ Kg8 21. Kc1 Rfe8 22. g4 e5 23. dxe6 Bxe6 24. Bxe6 fxe6 25. h4 b3 26. c4 Rac8 27. Re3 d5 28. Rc3 Qa1+ 29. Kd2 Qxb2+ 30. Ke1 Qh2 31. Rxb3 Rxc4 32.
Qd3 Qxh4+ 33. Ke2 Rec8 34. Rb7 Rc2+ 35. Rd2 Qh2+ 36. Ke3 Qg1+ 37. Ke2 Rc1 38. Rd1 R8c2+ 0-1

[Event "*** SCC Grand Prix: Titled Tuesday Blitz"]
[Site "Chess.com"]
[Date "2020.07.14"]
[Round "8"]
[White "OnePeculiarConundrum"]
[Black "Mbneu"]
[Result "0-1"]
[WhiteElo "2329"]
[BlackElo "2226"]
[TimeControl "180+1"]
[EndTime "11:35:41 PDT"]
[Termination "Mbneu won by resignation"]

1. e4 c5 2. Nf3 Nf6 3. e5 Nd5 4.
c4 Nc7 5. d4 cxd4 6. Nxd4 Nc6 7. Nxc6 dxc6 8. Qxd8+ Kxd8 9. Nc3 Bf5 10. Be3 Ne6 11.
O-O-O+ Kc7 12. f3 g5 13. h4 g4 14. Bd3 Bxd3 15. Rxd3 gxf3 16. gxf3 Rg8 17. f4 Rg3 18. Kc2 Bh6 19. f5 Rxe3 20. fxe6 fxe6 21. Rxe3 Bxe3 22.
Kd3 Bc5 23. Rf1 Rd8+ 24. Kc2 Rd4 25. h5 Rh4 26. Rf7 Rxh5 27. Ne4 Rxe5 28. Nxc5 Rxc5 29. Rxe7+ Kd6 30. Rxb7 Rxc4+ 31. Kd3 Rh4 32. Rxa7 e5 33. Ra8 Kd5 34. Rd8+ Kc5 35. a3 Rd4+ 36. Rxd4 exd4 37. b4+ Kd5 38. a4 h5 39. a5 c5 40. b5 c4+ 41.
Ke2 Kc5 42. b6 Kc6 43. Kf3 c3 44. Ke2 h4 45. Kd3 h3 0-1

[Event "*** SCC Grand Prix: Titled Tuesday Blitz"]
[Site "Chess.com"]
[Date "2020.07.14"]
[Round "8"]
[White "Omk124"]
[Black "Fighter008"]
[Result "0-1"]
[WhiteElo "2382"]
[BlackElo "2532"]
[TimeControl "180+1"]
[EndTime "11:35:42 PDT"]
[Termination "Fighter008 won by resignation"]

1. e4 c5 2. Nf3 e6 3. d4 cxd4 4. Nxd4 a6 5. c4 Nf6 6. Nc3 Qc7 7. Be3 b6 8. a3 Bb7 9. f3 Be7 10. Be2 d6 11. O-O Nbd7 12. Rc1 Rc8 13. b4 Qb8 14. Qd2 Bd8 15. Rfd1 Bc7 16. Bf1 h5 17. Qf2 h4 18. Nb3 h3 19. g3 Ne5 20. Ne2 Qa8 21.
Nf4 Bxe4 22. fxe4 Nxe4 23. Qb2 Nf3+ 24. Kh1 Nxg3+ 25. hxg3 Ne5+ 26. Kg1 h2+ 27. Qxh2 Nf3+ 28. Kf2 Rxh2+ 29. Bg2 Ne5 30. Rh1 Ng4+ 31. Ke2 Rxg2+ 32. Nxg2 Qxg2+ 33. Kd3 Ne5+ 34. Kc3 Qxg3 35. Rce1 Bd8 36. c5 bxc5 37. bxc5 dxc5 38. Rhg1 Qh4 39. Nd2 Ba5+ 40. Kc2 Qa4+ 0-1

[Event "*** SCC Grand Prix: Titled Tuesday Blitz"]
[Site "Chess.com"]
[Date "2020.07.14"]
[Round "8"]
[White "GM_Levan_Pantsulaia"]
[Black "oskariot"]
[Result "1-0"]
[WhiteElo "2829"]
[BlackElo "2651"]
[TimeControl "180+1"]
[EndTime "11:35:43 PDT"]
[Termination "GM_Levan_Pantsulaia won by resignation"]

1. Nf3 e6 2. g3 b6 3. Bg2 Bb7 4.
O-O c5 5. c4 Nf6 6. Nc3 Be7 7. d4 cxd4 8. Qxd4 a6 9. Bg5 d6 10. Bxf6 Bxf6 11. Qf4 Be7 12. Rfd1 O-O 13. Ne4 Bxe4 14. Qxe4 Ra7 15. Nd4 Qc8 16. Rac1 Rc7 17. a3 d5 18. Qe3 dxc4 19. Bh3 Bc5 20. Rxc4 b5 21. Rxc5 Rxc5 22. Nxe6 Rh5 23. Bg4 Qc2 24. Rc1 Re5 25. Rxc2 Rxe3 1-0

[Event "*** SCC Grand Prix: Titled Tuesday Blitz"]
[Site "Chess.com"]
[Date "2020.07.14"]
[Round "8"]
[White "RoelandPruijssers"]
[Black "amatatanav"]
[Result "0-1"]
[WhiteElo "2588"]
[BlackElo "2479"]
[TimeControl "180+1"]
[EndTime "11:35:44 PDT"]
[Termination "amatatanav won by resignation"]

1. e4 c5 2. Nf3 Nc6 3. d4 cxd4 4. Nxd4 g6 5. c4 Nf6 6. Nc3 d6 7. Be2 Nxd4 8. Qxd4 Bg7 9. Bg5 O-O 10. Qd2 Be6 11. Rc1 Qa5 12. b3 Rfc8 13. f3 a6 14. Na4 Qxd2+ 15.
Kxd2 Nd7 16. g4 Kf8 17. Be3 Rc6 18. h4 Nc5 19. Nc3 a5 20. Nb5 a4 21. b4 Na6 22.
a3 Bb2 23. Rc2 Bg7 24. h5 Nc7 25. Nd4 Bxd4 26. Bxd4 g5 27. b5 Rc5 28. Be5 Rxe5 0-1

[Event "*** SCC Grand Prix: Titled Tuesday Blitz"]
[Site "Chess.com"]
[Date "2020.07.14"]
[Round "8"]
[White "Skatchkov_V"]
[Black "FlamingPhoenix123"]
[Result "1-0"]
[WhiteElo "2559"]
[BlackElo "2435"]
[TimeControl "180+1"]
[EndTime "11:35:44 PDT"]
[Termination "Skatchkov_V won by resignation"]

1. Nf3 Nf6 2. g3 d5 3. Bg2 Bg4 4. d4 e6 5. h3 Bxf3 6. Bxf3 Bd6 7. O-O O-O 8. c4 c6 9. Nc3 Nbd7 10. Bg2 Qe7 11. cxd5 exd5 12. b3 Rfe8 13. Re1 Bb4 14. Bd2 Ne4 15. Nxe4 dxe4 16. e3 Bxd2 17. Qxd2 Nf6 18.
Rac1 Nd5 19. Rc5 f5 20. Bf1 Kh8 21. Bc4 Rad8 22. Bxd5 Rxd5 23. Rxd5 cxd5 24. Qa5 Qd6 25. Rc1 g5 26. Qc7 Qe6 27. Qxb7 f4 28. Rc7 Qxh3 29.
Qc6 Rf8 30. Qxd5 Qf5 31. Qxf5 Rxf5 32. Rxa7 fxe3 33. fxe3 Rf3 34. d5 Rxe3 35. d6 Rxg3+ 36. Kf2 Rf3+ 37. Ke2 Rf8 38. d7 Rd8 39. Rc7 Kg7 40.
b4 Kf6 41. b5 Ke6 42. b6 Kd6 43. a4 Rxd7 44. Rc4 Rf7 45. a5 g4 46. a6 g3 47. b7 Rf8 48. Rc8 Rf2+ 49. Ke3 Rb2 50.
b8=Q+ Rxb8 51. Rxb8 1-0

[Event "*** SCC Grand Prix: Titled Tuesday Blitz"]
[Site "Chess.com"]
[Date "2020.07.14"]
[Round "8"]
[White "amintabatabaei"]
[Black "rasmussvane"]
[Result "1-0"]
[WhiteElo "3019"]
[BlackElo "2886"]
[TimeControl "180+1"]
[EndTime "11:35:48 PDT"]
[Termination "amintabatabaei won on time"]

1. e4 c6 2. d4 d5 3. Nc3 dxe4 4. Nxe4 Nf6 5. Nxf6+ exf6 6. c3 Bd6 7. Bd3 O-O 8. Qc2 Re8+ 9. Ne2 h5 10. Be3 Nd7 11.
O-O-O Nf8 12. Kb1 Be6 13. c4 Rc8 14. Nc3 Bb4 15. a3 Bxc3 16. Qxc3 b5 17. d5 cxd5 18. c5 Qd7 19. Ka1 a6 20. Bd4 Bf5 21. c6 Qe6 22. Rhe1 Be4 23. f3 Rxc6 24. Qb3 f5 25. Bb1 Qg6 26.
fxe4 dxe4 27. Ba2 Ne6 28. Bc3 Rec8 29. Qd5 Nf4 30. Qd4 Ne6 31. Qe5 Rc5 32. Rd5 Rxd5 33. Bxd5 Nc5 34. Rf1 Rf8 35. Rxf5 1-0

[Event "*** SCC Grand Prix: Titled Tuesday Blitz"]
[Site "Chess.com"]
[Date "2020.07.14"]
[Round "8"]
[White "KaterynaLagno"]
[Black "1f3_2g41-0"]
[Result "1-0"]
[WhiteElo "2729"]
[BlackElo "2402"]
[TimeControl "180+1"]
[EndTime "11:35:48 PDT"]
[Termination "KaterynaLagno won by resignation"]

1. e4 c5 2. Nf3 d6 3. Bb5+ Bd7 4. Bxd7+ Qxd7 5. d4 cxd4 6. Qxd4 Nc6 7. Qd3 Rc8 8. Nc3 Nf6 9. O-O g6 10. Bg5 Bg7 11. a3 O-O 12. Nd5 Nxd5 13. exd5 Ne5 14. Nxe5 Bxe5 15. c3 Qg4 16. f4 Bg7 17. Bxe7 Rfe8 18.
Bxd6 Re2 19. Rf2 Rxf2 20. Kxf2 Rd8 21. Be5 Bxe5 22. fxe5 Qf4+ 23. Kg1 Qxe5 24. Rd1 h5 25. b4 Rc8 26. c4 Qb2 27. c5 a5 28. bxa5 Rxc5 29.
d6 Rc8 30. d7 Rd8 31. Re1 Qf6 32. Re8+ Kh7 33. Rxd8 Qxd8 34. Qd5 Qe7 35. h3 h4 36. Qd2 Qc5+ 37. Kh1 1-0

[Event "*** SCC Grand Prix: Titled Tuesday Blitz"]
[Site "Chess.com"]
[Date "2020.07.14"]
[Round "8"]
[White "ellatambien"]
[Black "mamey78"]
[Result "0-1"]
[WhiteElo "2497"]
[BlackElo "2444"]
[TimeControl "180+1"]
[EndTime "11:35:49 PDT"]
[Termination "mamey78 won on time"]

1. e4 e5 2. Nf3 Nc6 3. d4 exd4 4.
Nxd4 Nf6 5. Nxc6 bxc6 6. Bd3 d5 7. exd5 cxd5 8. O-O Bd6 9. Re1+ Be6 10. Bb5+ Kf8 11. Nc3 Rb8 12. Qd3 c5 13. Bg5 Bxh2+ 14. Kh1 Bd6 15.
Rad1 Ng4 16. Qd2 Be7 17. Bf4 Rb6 18. f3 Nf6 19. Be5 h6 20. Ba4 d4 21. Ne4 Kg8 22. Bb3 c4 23. Ba4 Nxe4 24. Rxe4 c3 25. bxc3 Bc5 26. c4 Qg5 0-1

[Event "*** SCC Grand Prix: Titled Tuesday Blitz"]
[Site "Chess.com"]
[Date "2020.07.14"]
[Round "8"]
[White "politeplayer"]
[Black "otrov-11"]
[Result "0-1"]
[WhiteElo "2213"]
[BlackElo "2371"]
[TimeControl "180+1"]
[EndTime "11:35:51 PDT"]
[Termination "otrov-11 won on time"]

1. e4 e6 2. Nf3 d5 3. exd5 exd5 4. d4 Nc6 5. c3 Bg4 6. Qb3 Rb8 7. Ne5 Nxe5 8.
dxe5 Be6 9. Be3 a6 10. Ba7 b5 11. Bxb8 Qxb8 12. a4 c6 13. axb5 axb5 14. Be2 Bc5 15. Nd2 Ne7 16. Nf3 O-O 17. Nd4 Qxe5 18. Nf3 Qh5 19. O-O Bd6 20. Ra7 d4 21. Qc2 dxc3 22. Rd1 Bd5 23. bxc3 Bxf3 24. Bxf3 Qxh2+ 25. Kf1 Bc5 26. Qe4 Bxa7 27. Qxe7 Bb6 28. Rd7 Qh1+ 29. Ke2 Qc1 30.
Be4 g6 31. Rb7 Qb2+ 32. Kf3 Qxf2+ 0-1

[Event "*** SCC Grand Prix: Titled Tuesday Blitz"]
[Site "Chess.com"]
[Date "2020.07.14"]
[Round "8"]
[White "Mr_Sinigami"]
[Black "ARMQUEEN"]
[Result "1-0"]
[WhiteElo "2575"]
[BlackElo "2444"]
[TimeControl "180+1"]
[EndTime "11:35:52 PDT"]
[Termination "Mr_Sinigami won by resignation"]

1. d4 Nf6 2. Nf3 g6 3. Bf4 Bg7 4. h3 d6 5. e3 O-O 6. Be2 Nbd7 7. O-O e5 8. Bh2 Qe7 9. c4 c6 10. Nc3 Rd8 11. Re1 b6 12. a4 Ba6 13. a5 e4 14. Nd2 d5 15. cxd5 Bxe2 16. Qxe2 cxd5 17. Qb5 bxa5 18. Nxd5 Nxd5 19. Qxd5 Qb4 20. Qxa5 Qxb2 21. Nxe4 Rdc8 22. Nd6 Rc6 23. Qd5 Qc2 24. Qxf7+ Kh8 25. Qxd7 Rf8 26. Bg3 Rc7 27. Qe6 Qd2 28. Ne4 Qc2 29.
Bxc7 Qxc7 30. Rec1 Qb7 31. Rab1 Qa8 32. Rc7 a5 33.
Rbb7 Rg8 34. Nf6 1-0

[Event "*** SCC Grand Prix: Titled Tuesday Blitz"]
[Site "Chess.com"]
[Date "2020.07.14"]
[Round "8"]
[White "saraswathii"]
[Black "Sergey85Rodchenkov"]
[Result "0-1"]
[WhiteElo "2334"]
[BlackElo "2510"]
[TimeControl "180+1"]
[EndTime "11:35:52 PDT"]
[Termination "Sergey85Rodchenkov won by resignation"]

1. e4 c5 2. Nf3 d6 3. d3 Nc6 4. g3 Bg4 5. Bg2 g6 6. O-O Bxf3 7. Qxf3 Bg7 8. c3 Nf6 9. Be3 Nd7 10. Nd2 O-O 11. Nb3 a5 12. a4 Rb8 13. d4 cxd4 14.
Nxd4 Nxd4 15. cxd4 b5 16. axb5 Rxb5 17. Qe2 Qb8 18. Rfb1 Rc8 19. Bf1 Rb4 20. Rxa5 Bxd4 21. Bxd4 Rxd4 22. Qe3 Rb4 23. b3 Nc5 24. Qg5 Rxe4 25.
Raa1 Re5 26. Qf4 Ne6 27. Qh4 Qb6 28. Bc4 d5 29. Ba6 Rc2 30. Rf1 Nd4 31. Kg2 Nf5 32. Qf4 Re4 33. Qg5 h6 0-1

[Event "*** SCC Grand Prix: Titled Tuesday Blitz"]
[Site "Chess.com"]
[Date "2020.07.14"]
[Round "8"]
[White "Jabberwockiez"]
[Black "verdest"]
[Result "0-1"]
[WhiteElo "2288"]
[BlackElo "2489"]
[TimeControl "180+1"]
[EndTime "11:35:52 PDT"]
[Termination "verdest won by checkmate"]

1. e4 c5 2. Nc3 a6 3. Nf3 b5 4.
d4 cxd4 5. Nxd4 Bb7 6. Bd3 e6 7. O-O Qc7 8. a4 b4 9. Na2 Bc5 10. Nb3 Be7 11. Qg4 Nf6 12. Qxg7 Rg8 13. Qh6 Nxe4 14.
f3 Nf6 15. Bg5 Qe5 16. Bxf6 Bxf6 17. Bxh7 Rh8 18. Rae1 Qxb2 19. Nxb4 Bg7 20. Qh5 Qf6 21. Nc5 Qd4+ 22. Kh1 Qxb4 23. Nxe6 dxe6 24. Rxe6+ Kf8 25. Rd1 Nc6 26. c3 Qa5 27. Rd7 Qxh5 28. Bg6 Qxh2# 0-1

[Event "*** SCC Grand Prix: Titled Tuesday Blitz"]
[Site "Chess.com"]
[Date "2020.07.14"]
[Round "8"]
[White "shav3184"]
[Black "vanImpe"]
[Result "1-0"]
[WhiteElo "2318"]
[BlackElo "2502"]
[TimeControl "180+1"]
[EndTime "11:35:56 PDT"]
[Termination "shav3184 won by checkmate"]

1. e4 c5 2. Nf3 g6 3. d4 cxd4 4. Nxd4 Bg7 5. c4 Nc6 6. Be3 Nf6 7. Nc3 O-O 8. Be2 b6 9. O-O Bb7 10. f3 Qb8 11. Qd2 Rd8 12. Nc2 d6 13. Rfd1 Rd7 14. b4 Qf8 15. a4 Rad8 16. a5 bxa5 17. bxa5 e6 18. a6 Ba8 19. Nd4 Nxd4 20. Bxd4 d5 21. cxd5 exd5 22. e5 Nh5 23. g4 Bh6 24. g5 Bg7 25. f4 h6 26. Bxh5 gxh5 27. gxh6 Bxh6 28. Kh1 f5 29. exf6 Qd6 30. Rg1+ Kf8 31. Qg2 Qe6 32. Rae1 Qf7 33. Re7 Rxe7 34. fxe7+ Kxe7 35. Re1+ Kd7 36. Qh3+ Kc7 37. Nb5+ Kc6 38. Qc3+ Kxb5 39. Rb1+ Kxa6 40. Qa3# 1-0

[Event "*** SCC Grand Prix: Titled Tuesday Blitz"]
[Site "Chess.com"]
[Date "2020.07.14"]
[Round "8"]
[White "Quiet_Desperation"]
[Black "margarita_2703"]
[Result "0-1"]
[WhiteElo "2237"]
[BlackElo "2389"]
[TimeControl "180+1"]
[EndTime "11:35:56 PDT"]
[Termination "margarita_2703 won by resignation"]

1. d4 d5 2. Nf3 Nf6 3. c4 c6 4. Nc3 e6 5. e3 Nbd7 6. Bd3 Bd6 7. O-O O-O 8. e4 dxc4 9. Bxc4 e5 10. Bg5 h6 11. Bh4 exd4 12. Qxd4 Bc5 13. Qd1 Qe7 14. Qc2 Ne5 15. Nxe5 Qxe5 16. Kh1 Be7 17.
Be2 Qc5 18. Rac1 Ng4 19. Bxg4 Bxg4 20. Bxe7 Qxe7 21. f3 Be6 22. Qf2 a5 23. b3 Rfd8 24.
Na4 Rd6 25. Nc5 Rad8 26. f4 Rd2 27. Qg3 f5 28. Rfe1 Qf7 29. exf5 Bxf5 30. Qh4 R8d4 31. b4 axb4 32. Nb3 Qd5 33. Rg1 Rxg2 34. Rxg2 Rd1+ 35.
Rxd1 Qxd1+ 0-1

[Event "*** SCC Grand Prix: Titled Tuesday Blitz"]
[Site "Chess.com"]
[Date "2020.07.14"]
[Round "8"]
[White "winniethepooh04"]
[Black "Colombiano07"]
[Result "0-1"]
[WhiteElo "2150"]
[BlackElo "2324"]
[TimeControl "180+1"]
[EndTime "11:35:56 PDT"]
[Termination "Colombiano07 won by resignation"]

1. e4 c5 2. Nf3 g6 3. d4 cxd4 4. Nxd4 Nf6 5. Nc3 Nc6 6. Bc4 Bg7 7. Be3 O-O 8. Nxc6 bxc6 9. e5 Ne8 10. e6 d5 11. exf7+ Rxf7 12. Nxd5 cxd5 13. Bxd5 Qa5+ 14. c3 Rb8 15. Bxf7+ Kxf7 16. O-O Rxb2 17. Bd4 e5 18. Be3 Bf5 19. Qf3 Nf6 20. Rad1 Bg4 21. Qc6 Bxd1 22. Rxd1 Bf8 23. Qc4+ Kg7 24. Qh4 Qd5 25. Qh6+ Kg8 26. Rxd5 Rb1+ 27. Bc1 Bxh6 28. Rd8+ Kf7 29. Rd1 Rxc1 0-1